[Event "*** Titled Tuesday 3|2 Blitz"]
[Site "Chess.com"]
[Date "2016.10.04"]
[Round "1"]
[White "jlandaw"]
[Black "Tarlev_Konstantin"]
[Result "0-1"]
[WhiteElo "2271"]
[BlackElo "2576"]
[TimeControl "180+2"]
[EndTime "17:08:43 PDT"]
[Termination "Tarlev_Konstantin won by resignation"]

1. e4 c5 2. Nc3 e6 3. g3 Nc6 4.
Bg2 g6 5. d3 Bg7 6. Be3 d6 7. f4 Nge7 8. Nf3 O-O 9. O-O b6 10.
d4 Ba6 11. Rf2 d5 12. dxc5 d4 13. Rd2 bxc5 14. Bf2 Qa5 15. Ne2 Rfd8 16. e5 Rab8 17. c3 d3 18. Nc1 c4 19. Ng5 Qc7 20. b3 Nd5 21. Ne4 Na5 22. b4 Nc6 23. a4 Nxe5 24. fxe5 Bxe5 25. Na2 Bc8 26. Rc1 Bg7 27. g4 e5 28. Qe1 Bxg4 29. Bc5 Nf4 30. Kh1 Nxg2 31. Kxg2 Bc8 32. Kg1 Bb7 33. Ng3 Ba8 34. Qf2 Rd7 35.
Rf1 Re8 36. b5 f5 37. Re1 e4 38. Nxf5 gxf5 39. Qxf5 Rf7 40. Qh5 e3 41. Bxe3 Qb7 0-1

[Event "*** Titled Tuesday 3|2 Blitz"]
[Site "Chess.com"]
[Date "2016.10.04"]
[Round "1"]
[White "FearlessKing64"]
[Black "Iball95"]
[Result "0-1"]
[WhiteElo "2204"]
[BlackElo "2499"]
[TimeControl "180+2"]
[EndTime "17:08:52 PDT"]
[Termination "Iball95 won by resignation"]

1. e4 c5 2. Nf3 Nc6 3. d4 cxd4 4. Nxd4 g6 5. c4 Nf6 6. Nc3 d6 7. Be2 Nxd4 8. Qxd4 Bg7 9. Bg5 O-O 10. Qd2 a5 11. b3 Nxe4 12. Nxe4 Bxa1 13. Bh6 Bg7 14. Bxg7 Kxg7 15. O-O Bf5 16. Nc3 Be6 17. f4 f6 18.
g4 Bf7 19. Bf3 Qb6+ 20. Kh1 Rad8 21. Bd5 Bxd5+ 22. Nxd5 Qc6 23. f5 Rfe8 24. Kg1 a4 25.
Nf4 g5 26. Ne6+ Kf7 27. Nxd8+ Rxd8 28. Qd3 d5 29. Rd1 d4 30. Re1 axb3 31. axb3 Rd7 32. Re6 Qc7 33. Re4 Qd6 34. Re6 Qf4 35. Re4 Qc1+ 36.
Kg2 Qb2+ 37. Re2 Qc3 38. Rd2 Qxd3 39. Rxd3 e5 40. fxe6+ Kxe6 41. Kf3 f5 42. h3 Ke5 43.
b4 b6 44. Rd1 fxg4+ 45. hxg4 Rf7+ 46. Kg3 Ke4 47. Rc1 d3 48. c5 bxc5 49. bxc5 d2 50. Rd1 Ke3 51. Kg2 Ke2 52. Rb1 d1=Q 0-1

[Event "*** Titled Tuesday 3|2 Blitz"]
[Site "Chess.com"]
[Date "2016.10.04"]
[Round "1"]
[White "GasconJR"]
[Black "Paralinch"]
[Result "0-1"]
[WhiteElo "2278"]
[BlackElo "2593"]
[TimeControl "180+2"]
[EndTime "17:08:57 PDT"]
[Termination "Paralinch won on time"]

1. e4 c6 2. d4 d5 3. Nc3 dxe4 4. Nxe4 Bf5 5. Ng3 Bg6 6. Bc4 e6 7. N1e2 Bd6 8. O-O Ne7 9. Nf4 O-O 10. c3 Nd5 11. Nxg6 hxg6 12. Qg4 Nd7 13. Bg5 Be7 14. Bxe7 Qxe7 15. Rae1 Rae8 16. h4 N7f6 17. Qf3 Qd8 18.
Re5 Nd7 19. Ree1 Qxh4 20. Ne4 Qe7 21. g3 g5 22. Qh5 g6 23. Qh6 f6 24. Qxg6+ Qg7 25. Qxg7+ Kxg7 26. Nd6 Re7 27. Bxd5 cxd5 28. Nf5+ Kf7 29. Nxe7 Kxe7 30. Kg2 Kd6 31. Rh1 Rf7 32. Rh8 e5 33. dxe5+ Nxe5 34. Rd8+ Kc6 35. Rd1 Nc4 36. b3 Nb6 37. a4 Kc7 38. Rh8 a5 39. Rdh1 Nd7 40.
R1h7 Rxh7 41. Rxh7 Kd6 42. Kf3 Nc5 43. Ke3 b6 44.
Ra7 Nxb3 45. Rb7 Kc5 46. Rf7 b5 47. axb5 Kxb5 48. Rxf6 a4 49. Kd3 a3 50. Rf8 a2 51.
Rb8+ Ka4 52. Rb4+ Ka3 53. Rb8 Na5 54. Rb5 Nc4 55. Rb8 Nb2+ 0-1

[Event "*** Titled Tuesday 3|2 Blitz"]
[Site "Chess.com"]
[Date "2016.10.04"]
[Round "1"]
[White "gmjoey1"]
[Black "josiwales"]
[Result "1-0"]
[WhiteElo "2477"]
[BlackElo "2214"]
[TimeControl "180+2"]
[EndTime "17:09:02 PDT"]
[Termination "gmjoey1 won by resignation"]

1. e4 c5 2. Nf3 Nc6 3. Bb5 Na5 4. O-O a6 5. Be2 b5 6. c3 Bb7 7.
d4 c4 8. d5 e6 9. b4 cxb3 10.
axb3 Nf6 11. Re1 Nxe4 12. b4 Nc4 13. Bxc4 Nxf2 14. Kxf2 bxc4 15. Qd4 Be7 16. Qxg7 Bf6 17.
Qh6 Bxd5 18. Bg5 Qb6+ 19. Re3 Bxg5 20. Nxg5 O-O-O 21. Nd2 f5 22. Ngf3 Rhg8 23. h3 Rdf8 24. Qf4 e5 25. Nxc4 Rxg2+ 26. Kxg2 Qg6+ 27. Qg3 Qxg3+ 28.
Kxg3 f4+ 29. Kh2 fxe3 30. Nb6+ Kb7 31. Nxd5 Rxf3 32. Re1 Kc6 33. Nxe3 d5 34. Kg2 e4 35. h4 Kd6 36. Nd1 Ke5 37. Re3 Rf4 38. h5 Rh4 39.
Rh3 Rg4+ 40. Kf2 Rf4+ 41. Ke2 Rg4 42. h6 Rg2+ 43. Nf2 Rg6 44. Rh5+ Ke6 45. c4 dxc4 46. Nxe4 Rg4 47. Ke3 c3 48. Nxc3 Rxb4 49. Ra5 Rb6 50. Kf4 Kf6 51. Nd5+ 1-0

[Event "*** Titled Tuesday 3|2 Blitz"]
[Site "Chess.com"]
[Date "2016.10.04"]
[Round "1"]
[White "ZapataCharlesS"]
[Black "cheese111"]
[Result "1/2-1/2"]
[WhiteElo "2585"]
[BlackElo "2304"]
[TimeControl "180+2"]
[EndTime "17:09:27 PDT"]
[Termination "Game drawn by agreement"]

1. e4 d5 2. exd5 Qxd5 3. Nc3 Qd8 4. Nf3 Nf6 5. d4 Bg4 6. Be2 e6 7. O-O c6 8. h3 Bxf3 9. Bxf3 Bd6 10. Ne4 Nxe4 11.
Bxe4 Nd7 12. Be3 O-O 13. c4 Qc7 14. Rc1 Rfd8 15. Bg5 Re8 16. Qh5 g6 17. Qh4 Nf8 18.
Bf3 Be7 19. Bxe7 Qxe7 20. Qg3 Red8 21. Rfd1 Rac8 22. a3 Qf6 23. Qe5 Qxe5 24. dxe5 Nd7 25. Re1 Nc5 26. Re2 Nb3 27. Rc3 Nd4 28. Re4 Nxf3+ 29.
Rxf3 Rd2 30. b4 Rcd8 31. Kh2 R2d3 32. Kg3 Rxf3+ 33. Kxf3 Rd3+ 34. Re3 Rxe3+ 35. Kxe3 Kf8 36. Kd4 b6 37. b5 c5+ 38. Ke4 h6 39. f4 Ke7 40. g4 Kf8 41. f5 Ke7 42. h4 Kf8 43. Kf4 Kg7 44. Ke4 Kg8 45. Ke3 Kg7 46. Kf4 Kg8 47.
Kg3 Kg7 48. Kf3 Kg8 49. Ke4 Kg7 50. Kf4 Kg8 51. fxg6 fxg6 52. h5 g5+ 53. Ke4 Kf7 54. Ke3 Ke7 55. a4 Kd7 56. Ke4 Kc7 57. Ke3 Kb7 58.
Ke4 Kc7 59. Ke3 Kd7 1/2-1/2

[Event "*** Titled Tuesday 3|2 Blitz"]
[Site "Chess.com"]
[Date "2016.10.04"]
[Round "1"]
[White "psv98"]
[Black "johnathan113"]
[Result "1-0"]
[WhiteElo "2604"]
[BlackElo "2309"]
[TimeControl "180+2"]
[EndTime "17:09:30 PDT"]
[Termination "psv98 won on time"]

1. e4 c5 2. Nc3 g6 3. g3 Bg7 4. Bg2 Nc6 5. d3 d6 6. Be3 Nf6 7. h3 O-O 8. Nge2 Rb8 9. g4 b5 10. Ng3 Nd4 11. O-O b4 12. Nce2 Nd7 13. Rb1 Qa5 14. Qd2 Ne5 15. Bxd4 cxd4 16. f4 Nd7 17. f5 Bb7 18. g5 Rfc8 19. h4 Qc5 20. Rbc1 Ne5 21.
h5 Rf8 22. Qf4 Qa5 23. f6 exf6 24. gxf6 Bh8 25. Bh3 Bc8 26. Kg2 Bxh3+ 27. Kxh3 Qxa2 28. b3 Qa6 29. Nxd4 Qc8+ 30. Kg2 Qg4 31. Qxg4 Nxg4 32.
Nc6 Nxf6 33. Nxb8 Rxb8 34. hxg6 hxg6 35. Kf3 Nd7 36. Ne2 Ne5+ 37. Ke3 Bg7 38. d4 Bh6+ 39. Nf4 Nc6 40. Ra1 Re8 41. Kd3 Re7 42. Nd5 Rb7 43. Ra6 Nd8 44. Rxd6 Ne6 45. e5 Rb8 46. Rd7 Ng5 47. Nf6+ Kg7 48. d5 Nh3 49. e6 1-0

[Event "*** Titled Tuesday 3|2 Blitz"]
[Site "Chess.com"]
[Date "2016.10.04"]
[Round "1"]
[White "NIGWAPO"]
[Black "rithwik2002"]
[Result "1/2-1/2"]
[WhiteElo "2428"]
[BlackElo "1948"]
[TimeControl "180+2"]
[EndTime "17:09:31 PDT"]
[Termination "Game drawn by agreement"]

1. e4 c5 2. Nc3 Nc6 3. f4 g6 4.
Nf3 Bg7 5. Bc4 e6 6. d3 Nge7 7.
O-O d5 8. Bb3 O-O 9. Qe1 a6 10. a4 Nd4 11. Nxd4 Bxd4+ 12. Kh1 Bd7 13. exd5 exd5 14. Nxd5 Nf5 15. c3 Re8 16. Qd1 Be6 17. cxd4 Nxd4 18. f5 Bxd5 19. Bxd5 Qxd5 20. fxg6 hxg6 21.
Qg4 Re7 22. Bg5 Re6 23. Bf6 Nf5 24. Bc3 Rae8 25. Qh3 Nd4 26. Qg4 f5 27. Qg5 Kf7 28. Rac1 Rh8 29. Qf4 Ne2 30. Qf2 Rh7 31. Rce1 Qd6 32. h3 Ng3+ 33. Kg1 Nxf1 34. Rxf1 Qxd3 35. Qxc5 Qe3+ 36. Qxe3 Rxe3 37. Rd1 g5 38. Kf2 f4 39. Rd7+ Kg6 40. Rd6+ Kf5 41. Rd5+ Ke4 42. Rxg5 Rxc3 43. bxc3 Rc7 44. h4 Rxc3 45. Rg7 Rc2+ 46. Kg1 b5 47. axb5 axb5 48. Rb7 Rb2 49. h5 f3 50. gxf3+ Kxf3 51. h6 Kg3 52. Kf1 Rh2 53. h7 b4 54. Kg1 Rh4 55.
Rg7+ Kf4 56. Kg2 b3 57. Rf7+ Ke5 58. Kg3 Rh6 59. Rb7 b2 60. Rb5+ Kd4 61. Rxb2 Rxh7 62.
Kg4 Rg7+ 1/2-1/2

[Event "*** Titled Tuesday 3|2 Blitz"]
[Site "Chess.com"]
[Date "2016.10.04"]
[Round "1"]
[White "IamSchrodingersCat"]
[Black "GrigorGrigorov"]
[Result "0-1"]
[WhiteElo "2266"]
[BlackElo "2538"]
[TimeControl "180+2"]
[EndTime "17:09:40 PDT"]
[Termination "GrigorGrigorov won by resignation"]

1. e4 g6 2. d4 Bg7 3. Nc3 c6 4. f4 d5 5. e5 Nh6 6. Nf3 f6 7. h3 Nf5 8. g4 Ng3 9. Rg1 Ne4 10. f5 fxe5 11. dxe5 Qb6 12. Qe2 Bxe5 13. Nxe4 dxe4 14. Qxe4 Bxb2 15. Bxb2 Qxb2 16. Rd1 Qc3+ 17. Rd2 gxf5 18. gxf5 Nd7 19. Bd3 Nf6 20. Qh4 Bd7 21.
Ng5 O-O-O 22. Rf1 Rhg8 23. Nf7 Rdf8 24. Nh6 Rg2 25. Rf2 Rg1+ 26. Rf1 Rg2 27. Rf2 Qe5+ 28. Kf1 Rg7 29. Ng4 Qa1+ 30. Ke2 Nd5 31. Qh5 Nc3+ 32. Ke3 Qe1+ 33. Kf4 Nd5+ 34. Kg3 Nf6 35. Qh6 Rfg8 36. Be2 Nh5+ 37. Kh2 Nf6 38. Bf3 Nxg4+ 39. Bxg4 Qe5+ 40. Kh1 c5 41. f6 Rxg4 42. hxg4 Bc6+ 43. Kg1 Rxg4+ 44. Kf1 Qa1+ 45. Ke2 Re4+ 46. Kf3 Rh4+ 47. Kg3 Rxh6 48. fxe7 Qg7+ 49. Kf4 Rf6+ 50. Ke3 Qxe7+ 51.
Kd3 Rxf2 52. Rxf2 0-1

[Event "*** Titled Tuesday 3|2 Blitz"]
[Site "Chess.com"]
[Date "2016.10.04"]
[Round "1"]
[White "nonscitis"]
[Black "maciek_92"]
[Result "0-1"]
[WhiteElo "2314"]
[BlackElo "2606"]
[TimeControl "180+2"]
[EndTime "17:09:53 PDT"]
[Termination "maciek_92 won by resignation"]

1. e4 c5 2. Nf3 e6 3. d4 cxd4 4. Nxd4 Nc6 5. Nc3 a6 6. Nxc6 bxc6 7. Bd3 d5 8. O-O Nf6 9. b3 Bb4 10. Bb2 O-O 11. a3 Be7 12. Qe2 Qc7 13. Rfe1 d4 14. Na4 e5 15. f4 Ng4 16. fxe5 c5 17. Bc1 Qxe5 18. g3 Bg5 19. Nb2 Bxc1 20. Raxc1 Be6 21. Bc4 Ne3 22. Bxe6 Qxe6 23. Nc4 Qxe4 24. Nxe3 Rfe8 25. Rcd1 Re6 26. Qc4 dxe3 27. Qxe4 Rxe4 28. Rd3 Rae8 29. Rc3 R4e5 30. Kg2 h5 31. h4 R8e6 32. Rc4 Rf6 33.
Rf4 Rfe6 34. Re2 g6 35. Kf3 Kg7 36. b4 cxb4 37. axb4 f6 38. c4 g5 39. hxg5 fxg5 40.
Rd4 Kg6 41. c5 g4+ 42. Kg2 Re4 43. Rd6 Rxd6 44. cxd6 Kf7 45. Kf1 Ke6 46. Ra2 Rxb4 47. Ke2 Rb6 48. Kxe3 Kxd6 49. Kf4 Rb4+ 50. Kg5 Rb5+ 51.
Kf4 a5 52. Ke4 Kc6 53. Kd4 Kb6 54. Kc4 Rb4+ 55. Kc3 Rb5 56. Rh2 Rc5+ 57. Kb3 Kb5 58. Kb2 a4 59. Rh1 Kb4 60. Rf1 a3+ 61. Kb1 Kb3 62.
Re1 Rc3 63. Ka1 Rxg3 64. Rd1 h4 65. Rc1 Rg2 0-1

[Event "*** Titled Tuesday 3|2 Blitz"]
[Site "Chess.com"]
[Date "2016.10.04"]
[Round "1"]
[White "JMatias"]
[Black "michaelq2d5"]
[Result "0-1"]
[WhiteElo "2230"]
[BlackElo "2524"]
[TimeControl "180+2"]
[EndTime "17:09:57 PDT"]
[Termination "michaelq2d5 won by checkmate"]

1. d4 Nf6 2. c4 e6 3. Nc3 Bb4 4.
e3 O-O 5. Ne2 d5 6. a3 Be7 7. Nf4 b6 8. cxd5 exd5 9. Bd3 Bb7 10. O-O c5 11. dxc5 bxc5 12. b4 cxb4 13. axb4 Bxb4 14. Rb1 a5 15. Na2 Nc6 16. Nh5 Nxh5 17.
Qxh5 g6 18. Qh6 Re8 19. Nxb4 axb4 20. Bb2 d4 21. exd4 Qd5 22. f3 Nxd4 23. Rbd1 Qc5 24.
Kh1 Rad8 25. Rfe1 Rxe1+ 26. Rxe1 Qf8 27. Qe3 Ne6 28. h4 Qd6 29. Bb1 Qf4 30. Qxf4 Nxf4 31.
Bf6 Ra8 32. Re7 Bd5 33. Kh2 Ne6 34. Be4 Bxe4 35. fxe4 Rb8 36. Be5 Rd8 37. Rb7 Nc5 38. Rxb4 Re8 39. Bd4 Nxe4 40. h5 Nd6 41. hxg6 hxg6 42.
Rb6 Nf5 43. Bf6 Ne3 44. Kh3 Nd5 45. Ra6 Re3+ 46. Kh2 Nxf6 47. Rxf6 Kg7 48. Rf2 f5 49. Rd2 Kh6 50. Rc2 Kg5 51. Rb2 Kg4 52. Ra2 g5 53. Rb2 f4 54. Ra2 Rc3 55. Rb2 Kh4 56. Ra2 g4 57. Ra1 g3+ 58. Kg1 Rc2 59. Rf1 Kg4 60. Ra1 Kf5 61. Rb1 Ke4 62. Re1+ Kd3 63. Rf1 Ke3 64. Rf3+ Ke2 65. Rf1 Rd2 66. Ra1 Rd1+ 67.
Rxd1 Kxd1 68. Kf1 Kd2 69. Kg1 Ke2 70. Kh1 f3 71. gxf3 Kf2 72. f4 g2+ 73. Kh2 g1=Q+ 74.
Kh3 Qg3# 0-1

[Event "*** Titled Tuesday 3|2 Blitz"]
[Site "Chess.com"]
[Date "2016.10.04"]
[Round "1"]
[White "Fins0905"]
[Black "BCNUM8"]
[Result "1-0"]
[WhiteElo "2487"]
[BlackElo "2133"]
[TimeControl "180+2"]
[EndTime "17:10:07 PDT"]
[Termination "Fins0905 won on time"]

1. d4 Nc6 2. Nf3 d5 3. c4 e5 4.
dxe5 Bb4+ 5. Bd2 dxc4 6. e3 Be6 7. Qa4 Qe7 8. a3 Bxd2+ 9. Nbxd2 a6 10. Bxc4 Bxc4 11. Qxc4 Nxe5 12. Nxe5 Qxe5 13. O-O Nf6 14.
Nf3 Qe7 15. Nd4 O-O 16. Rac1 c6 17. b4 g6 18. a4 Ne4 19. Rfd1 Rac8 20. f3 Nf6 21. e4 Nh5 22. Ne2 b5 23. axb5 cxb5 24.
Qxc8 Rxc8 25. Rxc8+ Kg7 26. Rc5 a5 27. Rxb5 axb4 28.
Rb1 Qa7+ 29. Kf1 Qc7 30. h3 Ng3+ 31. Nxg3 Qxg3 32. R5xb4 h5 33. Rc4 Qd6 34. Kg1 Qd3 35.
Rbc1 h4 36. Kh1 Qd2 37. Rc7 g5 38. Rb1 Qe3 39. Rc2 Qd3 40. Rbc1 Qe3 41. Rd1 Qf4 42. Rc5 Qe3 43. Rf5 f6 44. Kh2 Qf2 45. Rb1 Kg6 46. Ra1 Qb2 47. Ra6 Qb8+ 48. f4 gxf4 49. Raxf6+ Kg7 50. Rxf4 Qe5 51. Rf5 Qc7 52. e5 Qc3 53. Rg4+ Kh6 54. Rff4 Qxe5 55. Rxh4+ Kg6 56. Rg4+ Kh6 57.
h4 Kh5 58. Rg5+ Kh6 59. Rxe5 1-0

[Event "*** Titled Tuesday 3|2 Blitz"]
[Site "Chess.com"]
[Date "2016.10.04"]
[Round "1"]
[White "Scott-fox21"]
[Black "GulamaliRises"]
[Result "1/2-1/2"]
[WhiteElo "2157"]
[BlackElo "2477"]
[TimeControl "180+2"]
[EndTime "17:10:09 PDT"]
[Termination "Game drawn by agreement"]

1. d4 Nf6 2. c4 c5 3. d5 e6 4. Nc3 exd5 5. cxd5 d6 6. Nf3 a6 7. Qa4+ Bd7 8. Qb3 b5 9. a4 b4 10. Nb1 Bg4 11. Bf4 Nh5 12. Bg5 Be7 13.
Qe3 h6 14. Bxe7 Qxe7 15. Qxe7+ Kxe7 16. g3 Bxf3 17. exf3 Nd7 18. a5 Nhf6 19. Bc4 Ne5 20. Be2 Nxd5 21. f4 Nd7 22. Bf3 N7f6 23. O-O Rae8 24.
Rd1 Nc7 25. Bc6 Rd8 26. Re1+ Kf8 27. Nd2 d5 28. b3 g6 29. Rac1 Ne6 30. Bb7 Rd6 31. Bc8 Nd4 32. Rxc5 Kg7 33. Rc7 Ne4 34. Nxe4 dxe4 35. Rxe4 Nb5 36. Rcc4 Nc3 37. Re7 Kf6 38. Ra7 Re8 39. Rxa6 Re1+ 40. Kg2 Rxa6 41. Bxa6 Ra1 42. Rxb4 Rxa5 43. Bc4 Ra2 44. Rb6+ Ke7 45. Kf3 Nd1 46. Be2 Nc3 47. Rb7+ Kd6 48. Bc4 Nd1 49. Be2 Nc3 50. Bc4 Kc5 51. Rxf7 Nd1 52. Be2 Nc3 53.
Rc7+ Kb4 54. Rb7+ Kc5 55. Bc4 Nd1 56. Rg7 Rxf2+ 57. Kg4 Ne3+ 58. Kh3 h5 59. Rxg6 Ng4 60. Rg5+ Kb4 61. Rxh5 Nxh2 62. Rh8 Nf3 63. Kg4 Nd4 64. Rd8 Nc2 65. f5 Ne3+ 66. Kg5 Rxf5+ 67. Kg6 Rf3 68. g4 Nxg4 69. Rb8+ Kc3 70. Be6 Ne5+ 71. Kg7 1/2-1/2

[Event "*** Titled Tuesday 3|2 Blitz"]
[Site "Chess.com"]
[Date "2016.10.04"]
[Round "1"]
[White "platy3"]
[Black "brightthunder"]
[Result "1-0"]
[WhiteElo "2749"]
[BlackElo "2380"]
[TimeControl "180+2"]
[EndTime "17:10:16 PDT"]
[Termination "platy3 won by resignation"]

1. e4 c5 2. Nf3 e6 3. d4 cxd4 4.
Nxd4 a6 5. Nc3 Qc7 6. Bd3 Nf6 7.
O-O d6 8. a4 b6 9. Qe2 Be7 10.
Bd2 O-O 11. Kh1 Nbd7 12. f4 Bb7 13. Rae1 Nc5 14. b4 Nxd3 15. cxd3 Rac8 16. b5 axb5 17. Ncxb5 Qd7 18. Bb4 Ba6 19. Rc1 Rxc1 20. Rxc1 Rc8 21.
Qd2 Bf8 22. h3 Ne8 23. Rc3 g6 24. Qc1 Rxc3 25. Qxc3 Bb7 26. Nf3 Bg7 27. Qc1 e5 28. Qe3 Qc6 29. fxe5 dxe5 30. Nd2 Ba6 31. Nc3 Nc7 32. a5 bxa5 33. Bxa5 h6 34. Kh2 Ne6 35. Nd5 Kh7 36. Bc3 Qd7 37. Nf3 f6 38. Bd2 g5 39.
Bc3 Bb7 40. Nb6 Qc6 41. Nc4 Nf4 42. g3 Ne6 43. Nfd2 Qd7 44. Nb3 Ba6 45. Nbd2 Bb7 46.
Qf3 Nc5 47. Nb2 Bc8 48. g4 Ba6 49. Ndc4 Qe6 50. Nd2 Qd7 51. Ndc4 Kh8 52. Qe3 Ne6 53. Qb6 Bxc4 54. dxc4 Nf4 55. c5 Ne2 56. c6 Qe6 57.
Qb8+ Kh7 58. c7 Nxc3 59. c8=Q Nxe4 1-0

[Event "*** Titled Tuesday 3|2 Blitz"]
[Site "Chess.com"]
[Date "2016.10.04"]
[Round "1"]
[White "theprosecution1"]
[Black "Jahonas"]
[Result "0-1"]
[WhiteElo "2476"]
[BlackElo "2176"]
[TimeControl "180+2"]
[EndTime "17:10:41 PDT"]
[Termination "Jahonas won by resignation"]

1. d4 d5 2. c4 e6 3. Nc3 Nf6 4. Bg5 Be7 5. cxd5 exd5 6. e3 c6 7. Qc2 h6 8. Bh4 Nbd7 9. Bd3 Nf8 10. Nf3 Ne6 11. Ne5 g5 12. Bg3 h5 13. Bg6 O-O 14.
h4 g4 15. Bf5 Ng7 16. Bd3 Be6 17. f3 Qc8 18. O-O Nf5 19. Bxf5 Bxf5 20. e4 Bh7 21. fxg4 Nxg4 22. Qe2 Nxe5 23. Bxe5 Qg4 24. Qxg4+ hxg4 25. exd5 cxd5 26. Nxd5 Bxh4 27. Bf6 Bxf6 28. Nxf6+ Kg7 29. Nxg4 Rad8 30. Rad1 Rd6 31. Ne3 f5 32. g3 Rfd8 33. d5 Kh6 34. Rd4 Kg5 35. Kf2 Re8 36. Rfd1 Bg8 37. Nc4 Rh6 38. Rh4 Rxh4 39. gxh4+ Kxh4 40. Nd6 Rd8 41. Nxf5+ Kg5 42. Ne3 Kf4 43. Ke2 Bf7 44. b3 Bh5+ 45. Kd2 Bxd1 46. Nxd1 Rxd5+ 47. Kc2 Rc5+ 48. Kb2 Rc8 49. Nc3 Ke5 50. Nb5 a6 51. Nc3 b5 52. a3 Kd4 53. Na2 Kd3 54. Nb4+ Kd2 55. Nxa6 Rc2+ 56. Kb1 Kc3 57. Nc7 Rb2+ 58. Kc1 Rxb3 59. Kd1 Kc4 60. Kc2 Rxa3 61. Ne6 Rf3 62. Ng5 Rf2+ 63. Kc1 b4 64. Ne4 Rh2 65. Nd6+ Kd3 66. Kb1 b3 67. Nb5 Kc4 68. Nd6+ Kb4 69. Kc1 Rh1+ 70. Kb2 Rh2+ 71. Kb1 Rd2 72. Ne4 Rd3 73.
Nf2 Rf3 74. Ne4 Ka3 75. Nd2 Rc3 76. Ne4 Re3 0-1

[Event "*** Titled Tuesday 3|2 Blitz"]
[Site "Chess.com"]
[Date "2016.10.04"]
[Round "1"]
[White "RobertoJBM"]
[Black "Rating-Schmating"]
[Result "0-1"]
[WhiteElo "2482"]
[BlackElo "2236"]
[TimeControl "180+2"]
[EndTime "17:11:47 PDT"]
[Termination "Rating-Schmating won by checkmate"]

1. d4 Nf6 2. c4 e6 3. Nf3 Bb4+ 4. Bd2 Qe7 5. g3 b6 6. Bg2 Bb7 7. O-O Bxd2 8. Nbxd2 c5 9. Rc1 cxd4 10. Nxd4 Bxg2 11. Kxg2 a6 12. Qb3 Qc5 13. N2f3 O-O 14. Rfd1 Nc6 15.
e3 Rab8 16. Qc3 Nxd4 17. Qxd4 Qxd4 18. Nxd4 d5 19. Nc6 Rb7 20. Nb4 a5 21. Nc6 Rc8 22.
Ne5 dxc4 23. Rxc4 Re8 24. Rd6 b5 25. Rcc6 Nd5 26. a3 h6 27. Nd3 Reb8 28. Nc5 Rc7 29.
Rxc7 Nxc7 30. Nd7 Rb7 31. Nc5 Rb8 32. Rc6 Nd5 33. e4 Nf6 34. Kf3 g5 35. h3 h5 36.
Ke3 g4 37. h4 Kg7 38. Rc7 Ne8 39. Ra7 Nd6 40. b3 Kg6 41. Rxa5 Rc8 42. Ra6 Rxc5 43.
Rxd6 Rc3+ 44. Rd3 Rc2 45. f4 Rg2 46. Kd4 Ra2 47. b4 Rc2 48. Rc3 Re2 49. e5 Rd2+ 50. Rd3 Rc2 51. Rc3 Rd2+ 52. Kc5 Rd5+ 53. Kb6 Kf5 54. Ka5 Ke4 55. a4 bxa4+ 56. Kxa4 Kd4 57.
Rb3 Kc4 58. Rb1 Rd3 59. Rc1+ Kd5 60. Rg1 Kc6 61. b5+ Kb6 62. Kb4 Rd4+ 63. Kc3 Re4 64. Kd3 Rb4 65. Rc1 Rb3+ 66. Ke4 Rxb5 67. Rc3 Rb4+ 68.
Kd3 Rb1 69. Kc4 Rd1 70. Ra3 Rc1+ 71. Kd4 Rd1+ 72. Ke3 Re1+ 73. Kf2 Rb1 74. Rc3 Rb2+ 75. Ke3 Rg2 76. Ke4 Kb7 77. Kd4 Rg1 78. Kc5 Kc7 79.
Kd4+ Kd7 80. Ke4 Re1+ 81. Re3 Rxe3+ 82. Kxe3 Kc6 83. Ke4 Kc5 84. f5 Kc4 85. Kf4 Kd4 86. fxe6 fxe6 87. Kg5 Kxe5 88. Kxh5 Kf5 89. Kh6 e5 90. Kg7 e4 91. h5 e3 92. h6 e2 93. h7 e1=Q 94. h8=Q Qe7+ 95. Kh6 Qg5+ 96. Kh7 Qg6# 0-1

[Event "*** Titled Tuesday 3|2 Blitz"]
[Site "Chess.com"]
[Date "2016.10.04"]
[Round "1"]
[White "WanderingPuppet"]
[Black "Dr-Bassem"]
[Result "0-1"]
[WhiteElo "2297"]
[BlackElo "2599"]
[TimeControl "180+2"]
[EndTime "17:12:24 PDT"]
[Termination "Dr-Bassem won by resignation"]

1. e4 e5 2. Nf3 Nc6 3. Bb5 a6 4. Ba4 Nf6 5. O-O Be7 6. Re1 b5 7. Bb3 d6 8. a4 Bg4 9. c3 O-O 10. h3 Bh5 11. d3 b4 12. Bc4 bxc3 13. bxc3 Na5 14. Ba2 Rb8 15. Nbd2 Nd7 16. Nc4 Nxc4 17. Bxc4 a5 18. d4 Kh8 19. Be2 Bg6 20. Bd3 Bf6 21.
Ba3 Re8 22. Rb1 Bh5 23. g4 Bg6 24. Qc2 h6 25. Bc1 Rxb1 26. Qxb1 c6 27. Bd2 Qc7 28. Qc2 Nf8 29. Kg2 Ne6 30. Qc1 exd4 31. cxd4 Nxd4 32. Nxd4 Bxd4 33. Bf4 Be5 34. Be3 Bf6 35. Qc4 Qd7 36. Rc1 d5 37. exd5 cxd5 38. Qb5 Qxb5 39. Bxb5 Re6 40. Rd1 Bc3 41. Bd4 Bc2 42. Rc1 Be4+ 43. f3 Bxd4 44. fxe4 dxe4 45. Re1 g6 46. Kf1 Kg7 47.
Ke2 Rf6 48. Rd1 Rf2+ 49. Ke1 Be3 50. Rd5 Rh2 51. Rd7 Rxh3 52. Bc4 Rf3 53. Bd5 Rf4 54.
Ke2 Bc5 55. Rc7 Bb4 56. Ke3 g5 57. Bxe4 Rxg4 58. Bd5 Rf4 59. Rc2 h5 60. Be4 h4 61.
Rg2 f6 62. Rc2 Kh6 63. Rc7 f5 64. Bd5 h3 65. Bf3 Rxf3+ 66. Kxf3 g4+ 67. Kf2 g3+ 68.
Kf3 g2 69. Rc6+ Kh5 70. Rc1 Bc5 71. Rxc5 g1=Q 72. Rxf5+ Kg6 73. Rxa5 h2 0-1

[Event "*** Titled Tuesday 3|2 Blitz"]
[Site "Chess.com"]
[Date "2016.10.04"]
[Round "2"]
[White "GrigorGrigorov"]
[Black "Kubas1010"]
[Result "1-0"]
[WhiteElo "2544"]
[BlackElo "2451"]
[TimeControl "180+2"]
[EndTime "17:15:55 PDT"]
[Termination "GrigorGrigorov won by resignation"]

1. d4 d5 2. Nf3 Nf6 3. c4 e6 4. Nc3 Be7 5. Bf4 O-O 6. e3 b6 7.
Rc1 Bb7 8. Be2 dxc4 9. Bxc4 a6 10. O-O b5 11. Bd3 c5 12. dxc5 Nbd7 13. b4 Bc6 14. Nd4 Qc8 15. Nxc6 Qxc6 16. Be2 Rad8 17. Qb3 e5 18. Bg3 Ne8 19. Bf3 Qc8 20. Nd5 Bf6 21.
c6 1-0

[Event "*** Titled Tuesday 3|2 Blitz"]
[Site "Chess.com"]
[Date "2016.10.04"]
[Round "2"]
[White "ZEN-22"]
[Black "ShimanovAlex"]
[Result "0-1"]
[WhiteElo "2245"]
[BlackElo "2592"]
[TimeControl "180+2"]
[EndTime "17:16:27 PDT"]
[Termination "ShimanovAlex won by resignation"]

1. e4 e5 2. Nc3 Nf6 3. f4 d5 4.
fxe5 Nxe4 5. d3 Nxc3 6. bxc3 Nc6 7.
d4 Qh4+ 8. Ke2 Bg4+ 9. Nf3 O-O-O 10. Qe1 Qh5 11. Bf4 f6 12. Kf2 g5 13. Bg3 f5 14.
Kg1 f4 15. Bf2 Bf5 16. h3 Bxc2 17. g4 fxg3 18. Bxg3 Be7 19. Bg2 Rhf8 20. Qe2 Be4 21. Rf1 Rf5 22. Rf2 Rdf8 23. Nh2 Rxf2 24. Qxe4 Qd1+ 25.
Nf1 Rxf1+ 26. Bxf1 Rxf1+ 27. Kh2 dxe4 0-1

[Event "*** Titled Tuesday 3|2 Blitz"]
[Site "Chess.com"]
[Date "2016.10.04"]
[Round "2"]
[White "Dr-Bassem"]
[Black "jk13"]
[Result "1-0"]
[WhiteElo "2608"]
[BlackElo "2516"]
[TimeControl "180+2"]
[EndTime "17:16:40 PDT"]
[Termination "Dr-Bassem won by resignation"]

1. e4 e5 2. Nf3 Nc6 3. Bb5 Nf6 4. Qe2 Bc5 5. Bxc6 dxc6 6. Nxe5 O-O 7. d3 Re8 8. Nf3 Ng4 9. O-O f5 10. Nc3 Bb4 11.
Bg5 Qd6 12. h3 Nf6 13. e5 Bxc3 14. bxc3 Nd5 15. c4 Nb6 16. exd6 Rxe2 17. dxc7 Rxc2 18. Rfe1 Bd7 19. Re7 Kf8 20. Rae1 Rxa2 21. c5 Nd5 22. Rxd7 1-0

[Event "*** Titled Tuesday 3|2 Blitz"]
[Site "Chess.com"]
[Date "2016.10.04"]
[Round "2"]
[White "Paralinch"]
[Black "Ar4uha"]
[Result "1-0"]
[WhiteElo "2606"]
[BlackElo "2474"]
[TimeControl "180+2"]
[EndTime "17:17:56 PDT"]
[Termination "Paralinch won by resignation"]

1. e4 e5 2. Nf3 d6 3. d4 exd4 4. Nxd4 Nf6 5. Nc3 Be7 6. g3 O-O 7. Bg2 Nc6 8. Nde2 Be6 9. O-O Qd7 10. Nf4 Bc4 11. Re1 Rfe8 12. b3 Ba6 13. Bb2 Bf8 14.
Ncd5 Nxd5 15. Nxd5 Ne5 16. f4 Ng6 17. c4 Ne7 18. Nb4 Rad8 19. Qd2 Nc6 20. Nxa6 bxa6 21. Rad1 Qc8 22. Bf3 a5 23. Kg2 Qa6 24. a3 Qb6 25. Re3 Rb8 26. Rd3 Qc5 27. h4 Rb6 28. Rd5 Rxb3 29.
Rxc5 dxc5 30. e5 Rd8 31. Bxc6 Rxd2+ 32. Rxd2 1-0

[Event "*** Titled Tuesday 3|2 Blitz"]
[Site "Chess.com"]
[Date "2016.10.04"]
[Round "2"]
[White "awb2000"]
[Black "Rating-Schmating"]
[Result "1-0"]
[WhiteElo "2443"]
[BlackElo "2232"]
[TimeControl "180+2"]
[EndTime "17:18:25 PDT"]
[Termination "awb2000 won by checkmate"]

1. d4 Nf6 2. c4 e6 3. Nf3 Bb4+ 4.
Nbd2 d5 5. e3 dxc4 6. Bxc4 O-O 7. O-O c5 8. a3 Bxd2 9. Bxd2 cxd4 10. Nxd4 Bd7 11. Rc1 Nc6 12. Nb5 Ne4 13. Be1 Ne5 14. Be2 Bc6 15. Nd4 Bd5 16. Bb4 Re8 17. Bb5 Nd7 18.
Bd3 Nef6 19. Nb5 Ne5 20. Nc7 Nxd3 21. Qxd3 Ng4 22. Nxa8 Qxa8 23. e4 Bc6 24. h3 Nf6 25. f3 Qb8 26. Rfd1 Qc7 27. Bd6 Qb6+ 28. Qd4 Qxd4+ 29. Rxd4 Nd7 30. Bg3 e5 31. Rd6 Nb6 32. Bxe5 Nc8 33. Rdd1 Rxe5 34. Rxc6 bxc6 35. Rd8+ Re8 36.
Rxe8# 1-0